 Dungeon Crawl Stone Soup version 0.32-a0-43-g058985b245 (webtiles) character file.

Game seed: 18134880827699864966

26706 Atlas the Thaumaturge (level 13, -4/85 HPs)
             Began as a Demonspawn Fire Elementalist on Feb 4, 2024.
             Was an Elder of Vehumet.
             Slain by a fire elemental (6 damage)
             ... in a volcano.
             The game lasted 00:29:59 (20726 turns).

Atlas the Thaumaturge (DsFE)                       Turns: 20726, Time: 00:29:59

Health: -4/85      AC: 16    Str:  8    XL:     13   Next: 0%
Magic:  25/29      EV: 11    Int: 19    God:    Vehumet [****..]
Gold:   828        SH:  5    Dex: 18    Spells: 25/37 levels left

rFire   + . .        e - +0 rapier (venom)
rCold   . . .        (no shield)
rNeg    . . .        p - +3 ring mail of the Lion {Will+ Dex+2}
rPois   .            q - +1 helmet
rElec   .            (no cloak)
rCorr   .            O - +0 pair of gloves
SInv    +            R - +0 pair of boots
Will    +....        N - amulet of reflection
Stlth   ++           r - ring of protection from fire
HPRegen 0.34/turn    v - ring of see invisible
MPRegen 0.21/turn

%: reflection
@: no status effects
A: thin metallic scales 1, spiny 2, demonic magic 3, weakness stinger 2
a: Renounce Religion


You were in a volcano.
You worshipped Vehumet.
Vehumet was greatly pleased with you.
You visited 3 branches of the dungeon, and saw 16 of its levels.
You also visited: Sewer, Ossuary and Volcano.

You collected 916 gold pieces.
You spent 88 gold pieces at shops.

Inventory:

Hand Weapons
 e - a +0 rapier of venom (weapon)
Armour
 n - a +2 ring mail of poison resistance
 p - the +3 ring mail of the Lion (worn) {Will+ Dex+2}
   (You found it on level 3 of the Dungeon)

   Dex+2:     It affects your dexterity (+2).
   Will+:     It increases your willpower.
 q - a +1 helmet (worn)
 O - a +0 pair of gloves (worn)
 R - a +0 pair of boots (worn)
Jewellery
 r - a ring of protection from fire (left hand)
 v - a ring of see invisible (right hand)
 F - a ring of protection from cold
 I - a +6 ring of intelligence
 N - an amulet of reflection (around neck)
 T - a ring of ice
 V - an amulet of regeneration
 W - a ring of ice
Wands
 s - a wand of charming (25)
 x - a wand of roots (17)
 C - a wand of flame (26)
 D - a wand of light (8)
 K - a wand of digging (7)
 Q - a wand of mindburst (7)
Scrolls
 a - 2 scrolls of amnesia
 c - 3 scrolls of torment
 f - 7 scrolls of noise
 i - 8 scrolls of teleportation
 j - 3 scrolls of enchant weapon
 m - a scroll of vulnerability
 t - a scroll of revelation
 u - 3 scrolls of enchant armour
 w - 4 scrolls of immolation
 y - 2 scrolls of brand weapon
 E - a scroll of fear
 H - a scroll of silence
 J - a scroll of fog
 M - a scroll of summoning
 P - 2 scrolls of blinking
Potions
 b - a potion of magic
 d - 3 potions of haste {unknown}
 g - 4 potions of cancellation
 k - 3 potions of curing
 l - 4 potions of enlightenment
 o - 2 potions of berserk rage {unknown}
 z - 3 potions of attraction
 A - 4 potions of mutation
 B - a potion of resistance
 G - 3 potions of lignification
 L - a potion of brilliance {unknown}
Miscellaneous
 S - a lightning rod (inert)


   Skills:
 + Level 2.7 Fighting
 + Level 3.8 Short Blades
 + Level 6.0 Armour
 + Level 4.0 Dodging
 - Level 2.0 Stealth
 + Level 0.7 Shields
 + Level 1.0 Unarmed Combat
 + Level 12.5 Spellcasting
 + Level 8.2 Conjurations
 + Level 11.7 Fire Magic
 + Level 0.8 Evocations


You had 25 spell levels left.
You knew the following spells:

 Your Spells              Type           Power      Damage    Failure   Level
a - Scorch                Fire           100%       2d9       1%          2
b - Foxfire               Conj/Fire      100%       2x1d9     1%          1
c - Flame Wave            Conj/Fire      50%        2d12      1%          4
d - Fireball              Conj/Fire      25%        3d11      1%          5

Your spell library contained the following spells:

 Spells                   Type           Power      Damage    Failure   Level
 Arcjolt                  Conj/Air       13%        1d23      21%         5
 Inner Flame              Hex/Fire       34%        N/A       1%          3
 Volatile Blastmotes      Fire/Tloc      68%        2d15      1%          3
 Iskenderun's Battlesphe  Conj           43%        2d9       4%          5
 Brom's Barrelling Bould  Conj/Erth      27%        2d5       8%          4
 Lee's Rapid Deconstruct  Erth           5%         3d6*      69%         5
 Bombard                  Conj/Erth      13%        9d3       69%         6
 Conjure Ball Lightning   Conj/Air       13%        3x3d6     69%         6
 Orb of Destruction       Conj           21%        9d8       71%         7
 Leda's Liquefaction      Alch/Erth      5%         N/A       83%         4
 Summon Forest            Summ/Tloc      5%         N/A       99%         5
 Summon Mana Viper        Hex/Summ       11%        N/A       99%         5
 Summon Cactus Giant      Summ           5%         N/A       100%        6


Dungeon Overview and Level Annotations

Branches:
Dungeon (14/15)            Temple (1/1) D:4            Lair (1/5) D:10
    Orc (0/2) D:10         Vaults (0/5) D:13          Sewer (visited)
Ossuary (visited)         Volcano (1/1)

Altars:
Ashenzari
Cheibriados
Dithmenos
Fedhas
Gozag
Hepliaklqana
Kikubaaqudgha
Makhleb
Nemelex Xobeh
Okawaru
Qazlal
Ru
Sif Muna
Trog
Uskayaw
Vehumet
Wu Jian
Xom
Yredelemnul

Shops:
D:4 :   D:9 (   D:10 :   D:14 ?

Portals:
Trove: D:14 (give +4 storm dragon scales)


Innate Abilities, Weirdness & Mutations

You are partially covered in thin metallic scales. (AC +2)
You are mostly covered in sharp spines.
Spells you cast and wands you use may paralyse nearby enemies.
You have a tail ending in a sharp stinger.


Message History

* * * LOW HITPOINT WARNING * * *
You are engulfed in flames.
You resist.
* * * LOW HITPOINT WARNING * * *
Casting: Scorch (safe; 1% risk of failure)
Confirm with . or Enter, or press ? or * to list all spells.
Flames lash the molten gargoyle.
The molten gargoyle completely resists.
Malevolent energies surge around you.
The molten gargoyle hits you but does no damage.
Unknown command.
Unknown command.
Casting: Scorch (safe; 1% risk of failure)
Confirm with . or Enter, or press ? or * to list all spells.
Flames lash the molten gargoyle but do no damage.
Malevolent energies surge around you.
An earth elemental comes into view.
The molten gargoyle is struck by your spines.
The molten gargoyle hits you with a +0 mace.
* * * LOW HITPOINT WARNING * * *
You are engulfed in flames.
You resist.
* * * LOW HITPOINT WARNING * * *
Unknown command.
As you read the scroll of teleportation, it crumbles to dust.
You feel strangely unstable.
The molten gargoyle hits you but does no damage.
The molten gargoyle blasts magma at you!
The bolt of magma hits you! You partially resist.
* * * LOW HITPOINT WARNING * * *
Your surroundings suddenly seem different. 4 fire elementals and an efreet come into view.
The efreet is wielding a +2 scimitar of flaming.
The fire elemental hits you. The fire elemental burns you! You resist.
* * * LOW HITPOINT WARNING * * *
The fire elemental misses you.
You feel better. The fire elemental hits you. The fire elemental burns you!
You resist.
* * * LOW HITPOINT WARNING * * *
The fire elemental hits you. The fire elemental burns you! You resist.
* * * LOW HITPOINT WARNING * * *
The fire elemental hits you. The fire elemental burns you! You resist.
You die...

####+ #@E○#
#.E○E≈#
#....≈≈≈≈#
#.○.≈≈○≈≈##
#.E≈≈≈○≈≈#
##..○≈≈≈§#
###.R§≈§#
###§○§#


You could see an efreet and 4 fire elementals.

Vanquished Creatures
  A frost giant (D:13)
  Harold (D:9)
  A hydra (D:14)
  2 centaur warriors
  A boulder beetle (D:12)
  3 two-headed ogres
  4 skeletal warriors
  An orc knight (D:10)
  2 manticores (D:12)
  An ugly thing (D:12)
  3 cyclopes
  A black mamba (Lair:1)
  3 meliai (D:14)
  A guardian serpent (D:14)
  2 cane toads (Lair:1)
  2 gargoyles (D:13)
  A freezing wraith (D:14)
  A kobold demonologist (D:10)
  2 efreet
  A komodo dragon (Lair:1)
  Psyche (D:9)
  A tengu conjurer (D:14)
  A troll (D:12)
  Grinder (D:5)
  2 hornets
  10 slime creatures
  2 shadows (D:13)
  2 wyverns
  A fire elemental (Volcano)
  A vampire (D:10)
  15 yaks
  3 wraiths
  A warg (D:10)
  A basilisk (D:13)
  A steam dragon (D:8)
  5 vampire mosquitoes
  2 acid dragons (D:10)
  2 hell hounds (Lair:1)
  A water moccasin (D:8)
  A black bear (D:4)
  3 orc warriors
  2 wolves (D:10)
  2 laughing skulls (D:14)
  An ogre (D:6)
  2 centaurs (D:10)
  A phantom (D:6)
  5 bullfrogs
  5 kobold brigands
  An elf zombie (Ossuary)
  A weeping skull (Ossuary)
  A brain worm (Sewer)
  A scorpion (D:5)
  3 wights (D:10)
  5 killer bees (D:7)
  2 electric eels (D:10)
  5 howler monkeys
  A bombardier beetle (D:3)
  4 centaur zombies (Ossuary)
  4 jellies
  2 spectral scorpions (Ossuary)
  2 human zombies (Ossuary)
  10 orc priests
  Ijyb (D:4)
  A hound (D:5)
  A gnoll bouda (D:7)
  A sleepcap (D:3)
  Jessica (D:3)
  3 iguanas
  14 orc wizards
  A hound zombie (Ossuary)
  3 mummies (Ossuary)
  7 adders
  3 gnolls (D:7)
  4 river rats (Sewer)
  2 shadow imps
  3 white imps
  2 ufetubi (D:7)
  4 adder zombies (Ossuary)
  7 ribbon worms
  4 dart slugs
  44 orcs
  9 bats
  7 endoplasms
  9 giant cockroaches
  6 goblins
  4 hobgoblins
  7 jackals
  31 kobolds
  12 quokkas
  8 ball pythons
  A ball python zombie (Ossuary)
  3 frilled lizards
  4 jackal zombies (Ossuary)
  4 kobold zombies (Ossuary)
  3 orc zombies (Ossuary)
  7 rats
372 creatures vanquished.

Vanquished Creatures (others)
  1283 foxfires
1283 creatures vanquished.

Grand Total: 1655 creatures vanquished

Notes
Turn   | Place    | Note
-------+----------+-------------------------------------------
     0 | D:1      | Atlas the Demonspawn Fire Elementalist began the quest for
                  | the Orb.
     0 | D:1      | Reached XP level 1. HP: 13/13 MP: 3/3
   174 | D:1      | Gained mutation: You are partially covered in sharp spines.
                  | [demonic ancestry]
   174 | D:1      | Reached XP level 2. HP: 19/19 MP: 1/5
   613 | D:1      | Reached XP level 3. HP: 8/24 MP: 6/6
  1673 | D:2      | Gained mutation: You are partially covered in thin metallic
                  | scales. (AC +2) [demonic ancestry]
  1673 | D:2      | Reached XP level 4. HP: 30/31 MP: 2/7
  2631 | D:3      | Learned a level 2 spell: Scorch
  2718 | D:3      | Gained mutation: Spells you cast may paralyse adjacent
                  | enemies. [demonic ancestry]
  2718 | D:3      | Reached XP level 5. HP: 36/36 MP: 5/9
  2718 | D:3      | Noticed Jessica
  2721 | D:3      | Killed Jessica
  2807 | D:3      | Identified the +3 ring mail of the Lion {Will+ Dex+2}
  3058 | D:3      | Reached skill level 3 in Spellcasting
  3401 | D:3      | Reached skill level 1 in Armour
  3924 | D:4      | Reached skill level 1 in Unarmed Combat
  3993 | D:4      | Noticed a black bear
  4129 | D:4      | Found a staircase to the Ecumenical Temple.
  4139 | D:4      | Noticed Ijyb
  4151 | D:4      | Killed Ijyb
  4152 | D:4      | Gained mutation: You have a small tail. [demonic ancestry]
  4152 | D:4      | Reached XP level 6. HP: 42/42 MP: 0/11
  4179 | D:4      | Found a shimmering altar of Xom.
  4213 | D:4      | Found a glowing drain.
  4230 | Sewer    | Entered a sewer
  4641 | Sewer    | Reached skill level 4 in Spellcasting
  5441 | D:4      | Found Baih's Book Shop.
  5555 | Temple   | Entered the Ecumenical Temple
  5612 | Temple   | Became a worshipper of Vehumet
  5894 | D:4      | Gained mutation: You are mostly covered in sharp spines.
                  | [demonic ancestry]
  5894 | D:4      | Reached XP level 7. HP: 47/47 MP: 4/13
  6004 | D:5      | Entered Level 5 of the Dungeon
  6199 | D:5      | Reached skill level 5 in Fire Magic
  6332 | D:5      | Found a sparkling altar of Nemelex Xobeh.
  6639 | D:5      | Noticed Grinder
  6649 | D:5      | Killed Grinder
  6650 | D:5      | Reached skill level 5 in Spellcasting
  6820 | D:6      | Reached XP level 8. HP: 53/53 MP: 9/15
  6922 | D:6      | Found a snail-covered altar of Cheibriados.
  7101 | D:6      | Found a sand-covered staircase.
  7105 | Ossuary  | Entered an ossuary
  7117 | Ossuary  | Reached * piety under Vehumet
  7117 | Ossuary  | Offered knowledge of Kiss of Death by Vehumet.
  7580 | Ossuary  | Reached skill level 6 in Spellcasting
  7889 | Ossuary  | Learned a level 4 spell: Flame Wave
  8226 | D:6      | You fall into a shaft and drop 1 floor!
  8404 | D:7      | Gained mutation: Spells you cast may paralyse nearby
                  | enemies. [demonic ancestry]
  8404 | D:7      | Reached XP level 9. HP: 58/58 MP: 6/19
  8827 | D:7      | Offered knowledge of Static Discharge by Vehumet.
  8878 | D:7      | Reached ** piety under Vehumet
  8879 | D:7      | Reached skill level 7 in Spellcasting
  9316 | D:8      | Noticed a komodo dragon
  9316 | D:8      | Noticed a catoblepas
  9422 | D:8      | Noticed a boulder beetle
  9423 | D:8      | Noticed a manticore
  9433 | D:8      | Noticed a cyclops
  9433 | D:8      | Noticed a skeletal warrior
  9434 | D:8      | Noticed a skeletal warrior
  9575 | D:8      | Reached skill level 1 in Short Blades
  9579 | D:8      | Reached skill level 1 in Fighting
  9749 | D:8      | Offered knowledge of Hailstorm by Vehumet.
 10242 | D:9      | Noticed Harold
 10252 | D:9      | Found Xucruet's Weapon Shoppe.
 10278 | D:9      | Killed Harold
 10279 | D:9      | Reached skill level 8 in Spellcasting
 10279 | D:9      | Reached skill level 5 in Conjurations
 10520 | D:9      | Gained mutation: Spells you cast and wands you use may
                  | paralyse nearby enemies. [demonic ancestry]
 10520 | D:9      | Reached XP level 10. HP: 66/66 MP: 15/22
 10672 | D:9      | Reached *** piety under Vehumet
 10922 | D:9      | Noticed Psyche
 10929 | D:9      | Killed Psyche
 11959 | D:10     | Entered Level 10 of the Dungeon
 11959 | D:10     | Noticed a two-headed ogre
 11985 | D:10     | Killed a two-headed ogre
 11986 | D:10     | Reached skill level 9 in Spellcasting
 12056 | D:10     | Offered knowledge of Olgreb's Toxic Radiance by Vehumet.
 12495 | D:10     | Found Kicsa's Tremendous Tomes.
 12651 | D:10     | Gained mutation: You have a tail ending in a sharp stinger.
                  | [demonic ancestry]
 12651 | D:10     | Reached XP level 11. HP: 38/72 MP: 11/24
 12864 | D:10     | Reached **** piety under Vehumet
 12877 | D:10     | Noticed an orc knight
 12894 | D:10     | Killed an orc knight
 12895 | D:10     | Offered knowledge of Sticky Flame by Vehumet.
 13060 | D:10     | Found a staircase to the Orcish Mines.
 13349 | D:10     | Found a staircase to the Lair.
 13665 | D:11     | Noticed a two-headed ogre
 13986 | D:11     | Noticed a two-headed ogre
 13994 | D:11     | Killed a two-headed ogre
 13995 | D:11     | Reached skill level 10 in Spellcasting
 14206 | D:11     | Reached skill level 10 in Fire Magic
 14599 | D:12     | Noticed a brown ugly thing
 14820 | D:12     | Killed a brown ugly thing
 15532 | D:12     | Noticed a boulder beetle
 15547 | D:12     | Killed a boulder beetle
 15801 | D:12     | Reached skill level 11 in Spellcasting
 16050 | D:13     | Noticed a two-headed ogre
 16064 | D:13     | Killed a two-headed ogre
 16124 | D:13     | Noticed a centaur warrior
 16158 | D:13     | Killed a centaur warrior
 16159 | D:13     | Reached skill level 5 in Armour
 16159 | D:13     | Reached XP level 12. HP: 69/80 MP: 12/27
 16603 | D:13     | Learned a level 5 spell: Fireball
 16855 | D:13     | Found a gate to the Vaults.
 16857 | D:13     | Noticed a frost giant
 16863 | D:13     | Killed a frost giant
 17548 | D:14     | Reached skill level 12 in Spellcasting
 17559 | D:14     | Reached ***** piety under Vehumet
 17639 | D:14     | Found Jouluorch's Magic Scroll Shop.
 17650 | D:14     | Bought a scroll of identify for 22 gold pieces
 17650 | D:14     | Bought a scroll of identify for 22 gold pieces
 17650 | D:14     | Bought a scroll of identify for 22 gold pieces
 17650 | D:14     | Bought a scroll of identify for 22 gold pieces
 17655 | D:14     | Identified the +0 ring mail of Amorality {rN+++ rCorr Dex+4
                  | Slay-3}
 17716 | D:14     | Offered knowledge of Arcjolt by Vehumet.
 18504 | D:14     | Found a portal to a secret trove of treasure.
 18638 | D:14     | Noticed a centaur warrior
 18874 | D:14     | HP: 4/80 [skeletal warrior/+0 halberd (17)]
 19307 | D:14     | Killed a centaur warrior
 19507 | D:14     | Noticed a seven-headed hydra
 19512 | D:14     | Killed a seven-headed hydra
 20572 | Lair:1   | Entered Level 1 of the Lair of Beasts
 20636 | Lair:1   | Found a dark tunnel.
 20650 | Volcano  | Entered a volcano
 20716 | Volcano  | Reached XP level 13. HP: 8/85 MP: 29/29
 20725 | Volcano  | HP: 4/85 [fire elemental (5)]
 20726 | Volcano  | Slain by a fire elemental

Illustrated notes

Levels and vault maps discovered:
D:1:      amcnicky_arrival_blooded_trapdoor, layout_loops_ring
D:2:      layout_basic, minivault_25
D:3:      layout_loops_ring, minmay_quadrilaterals, uniq_jessica
D:4:      black_bear_nest_2, layout_loops_ring, lemuel_doored_altar,
          minmay_temple_entry_glassed_door, serial_shops, nicolae_shop_stone,
          cheibrodos_sewer_entry_bend, uniq_ijyb
D:5:      layout_rooms, mainiacjoe_overflow_tiny_flanked, uniq_grinder
D:6:      layout_basic, jmf_multi_god_temple, enter_ossuary_5
D:7:      layout_basic
D:8:      layout_loops_ring, minivault_12
D:9:      layout_layer_cave, serial_shops, nicolae_shop_tiny_real_fake_doors,
          uniq_psyche, uniq_harold
D:10:     layout_irregular_city, erik_lair_orcish_takeover, erik_orc_2,
          nicolae_shop_i_like_big_books, nicolae_houndstooth_variations
D:11:     layout_loops_ring
D:12:     layout_stronghold, kennysheep_generic_room_5
D:13:     layout_rooms, hellmonk_vaults_attempted_burglary
D:14:     layout_layer_cave, enter_trove_2, serial_shops, shop,
          infiniplex_staircase_trident, nrook_guardian_serpent_double
Temple:   regret_index_temple_mists
Lair:1:   layout_misc_corridors, enter_volcano_3
Volcano:  volcano_aerie

Skill      XL: |  1  2  3  4  5  6  7  8  9 10 11 12 |
---------------+-------------------------------------+-----
Fire Magic     | 3 4 5 7 8 9 10 11 | 11.7
Stealth        | 2 |  2.0
Dodging        | 2 3 4 |  4.0
Spellcasting   | 3 4 5 6 8 9 11 12 | 12.5
Armour         | 1 2 3 4 5 6 |  6.0
Conjurations   | 2 3 4 5 6 7 8 |  8.2
Unarmed Combat | 1 |  1.0
Short Blades   | 2 3 |  3.8
Fighting       | 1 2 |  2.7
Shields        | |  0.7
Evocations     | |  0.8

Action                     |  1- 3 |  4- 6 |  7- 9 | 10-12 | 13-15 || total
---------------------------+-------+-------+-------+-------+-------++-------
  Melee: Unarmed           |    61 |    14 |       |       |       ||    75
         Dagger            |       |    19 |    11 |       |       ||    30
         Tailslap          |       |     3 |    14 |    20 |       ||    37
         Rapier            |       |       |    53 |   131 |       ||   184
         Punch             |       |       |     4 |     3 |       ||     7
   Cast: Foxfire           |    73 |   150 |   207 |   299 |       ||   729
         Scorch            |       |    27 |    67 |   132 |     3 ||   229
         Flame Wave        |       |       |     1 |    11 |       ||    12
         Fireball          |       |       |       |    52 |       ||    52
  Evoke: Lightning rod     |       |       |       |     8 |     1 ||     9
    Use: Scroll            |       |       |     9 |    13 |     1 ||    23
         Potion            |       |       |       |     5 |     2 ||     7
   Stab: Paralysed         |       |     1 |    16 |    32 |       ||    49
 Armour: Robe              |    11 |       |       |       |       ||    11
         Leather armour    |    20 |     6 |       |       |       ||    26
         Ring mail         |       |    31 |    69 |   193 |    13 ||   306
  Dodge: Dodged            |    42 |    29 |    31 |    76 |     1 ||   179
  Block: Other             |       |       |       |    23 |       ||    23
         Reflection        |       |       |       |     5 |       ||     5

Table legend: (Time is in decaauts)
 A = Elapsed time spent in this place.
 B = Non-inter-level travel time spent in this place.
 C = Inter-level travel time spent in this place.
 D = Time resting spent in this place.
 E = Time spent auto-exploring this place.
 F = Levels seen in this place.
 G = Mean time per level.
                   A        B        C        D        E       F      G
               +--------+--------+--------+--------+--------+-----+--------+
         Total |  20959 |  20341 |    618 |   2213 |  14899 |  19 | 1103.1 |
       Dungeon |  18354 |  17791 |    563 |   2213 |  12802 |  14 | 1311.0 |
        Temple |     81 |     44 |     37 |      0 |     42 |   1 |   81.0 |
          Lair |     78 |     60 |     18 |      0 |      0 |   1 |   78.0 |
         Sewer |   1285 |   1285 |      0 |      0 |   1112 |   1 | 1285.0 |
       Ossuary |   1084 |   1084 |      0 |      0 |    909 |   1 | 1084.0 |
       Volcano |     76 |     76 |      0 |      0 |     34 |   1 |   76.0 |
               +--------+--------+--------+--------+--------+-----+--------+

Top non-repeatable levels by time:
    D:13: 2462 daAuts
    D:14: 2055 daAuts
     D:9: 1916 daAuts
    D:10: 1865 daAuts
     D:3: 1461 daAuts
    D:12: 1417 daAuts
   Sewer: 1285 daAuts
     D:1: 1225 daAuts
     D:2: 1160 daAuts
 Ossuary: 1084 daAuts
     D:7: 1082 daAuts
     D:4: 999 daAuts
     D:8: 844 daAuts
     D:5: 809 daAuts
    D:11: 722 daAuts
